 Dungeon Crawl Stone Soup version 0.27.1-34-g3ba077fa99 (webtiles) character file.

Game seed: 17240741541804501733

28 Descartes the Grasshopper (level 3, -4/27 HPs)
             Began as a Formicid Warper on Jan 16, 2022.
             Was a Follower of Wu Jian.
             Succumbed to a scorpion's poison
             ... on level 2 of the Dungeon.
             The game lasted 00:02:01 (1010 turns).

Descartes the Grasshopper (Formicid Warper)         Turns: 1010, Time: 00:02:02

Health: -4/27      AC:  5    Str: 16    XL:     3   Next: 27%
Magic:  6/6        EV:  8    Int: 12    God:    Wu Jian [*.....]
Gold:   24         SH:  5    Dex: 10    Spells: 6/6 levels left

rFire    . . .     SeeInvis +   a - +0 mace
rCold    . . .     Faith    .   (no shield)
rNeg     . . .     Spirit   .   b - +0 leather armour
rPois    .         Reflect  +   (helmet unavailable)
rElec    .         Harm     .   (no cloak)
rCorr    .         Rampage  .   d - +0 pair of gloves
Will     .....                  f - +0 pair of boots
Stlth    +.........             e - amulet of reflection
HPRegen  0.09/turn              (no ring)
MPRegen  0.10/turn              (no ring)

@: lethally poisoned (-4 -> -20), constricted
A: permanent stasis, dig shafts and tunnels, antennae 3, four strong arms
a: Dig, Shaft Self, Renounce Religion


You were on level 2 of the Dungeon.
You worshipped Wu Jian.
Wu Jian was aware of your devotion.
You visited 1 branch of the dungeon, and saw 2 of its levels.

You collected 24 gold pieces.

Inventory:

Hand Weapons
 a - a +0 mace (weapon)
Missiles
 c - 5 boomerangs of dispersal (quivered)
 h - 40 stones
Armour
 b - a +0 leather armour (worn)
 d - a +0 pair of gloves (worn)
 f - a +0 pair of boots (worn)
Jewellery
 e - an amulet of reflection (around neck)
 i - an amulet of the acrobat
Scrolls
 j - a scroll of acquirement {unknown}
 k - a scroll of blinking {unknown}
Potions
 g - a potion of invisibility {unknown}


   Skills:
 - Level 2.1 Fighting
 - Level 2.0 Maces & Flails
 - Level 1.0 Throwing
 + Level 2.0 Armour
 - Level 1.7 Dodging
 + Level 1.7 Shields
 - Level 2.1 Spellcasting
 + Level 3.1 Translocations


You had 6 spell levels left.
You didn't know any spells.
Your spell library contained the following spells:

 Spells                   Type           Power      Damage    Failure   Level
 Gell's Gravitas          Tloc           4%         N/A       28%         3
 Lesser Beckoning         Tloc           4%         N/A       28%         3
 Teleport Other           Tloc           8%         N/A       28%         3
 Manifold Assault         Tloc           8%         N/A       95%         5
 Blink                    Tloc           Unusable   N/A       N/A         2

Dungeon Overview and Level Annotations

Branches:
Dungeon (2/15)

Altars:
Wu Jian


Innate Abilities, Weirdness & Mutations

You cannot be hasted, slowed, berserked, paralysed or teleported.
You can dig through walls and to a lower floor.
You have a pair of large antennae on your head. (SInv)
Your four strong arms can wield two-handed weapons with a shield.


Message History

You are too injured to fight recklessly!
You are too injured to fight recklessly!
You are too injured to fight recklessly!
You are too injured to fight recklessly!
You extend your mandibles.
You dig through the rock wall.
You block the scorpion's attack. The endoplasm freezes you.
You are frozen.
* * * LOW HITPOINT WARNING * * *
You dig through the rock wall.
You dig through the rock wall.
You block the kobold's attack.
You dig through the rock wall.
A ball python comes into view.
Found a helmet.
You retract your mandibles.
You barely miss the kobold. The kobold hits you but does no damage.
You barely miss the kobold. The kobold hits you with a +0 club.
* * * LOW HITPOINT WARNING * * *
You block the kobold's attack.
The ball python bites you but does no damage.
You block the ball python's attack.
You sock the kobold!
You kill the kobold!
The Council accepts your kill. The ball python barely misses you.
The ball python grabs you. The ball python constricts you.
You hit the scorpion but do no damage. The scorpion stings you.
* * * LOW HITPOINT WARNING * * *
You are lethally poisoned!
The scorpion poisons you! The ball python completely misses you.
The ball python constricts you. The scorpion stings you.
* * * LOW HITPOINT WARNING * * *
You are more poisoned.
The scorpion poisons you! You block the ball python's attack.
The ball python constricts you.
* * * LOW HITPOINT WARNING * * *
Unknown command.
Unknown command.
You closely miss the scorpion.
You die...

#.# ....... ###.#
.## ....... )..##
.. .
.........###... .#
.. .......
.....###.##...
.......
##..........
....[.. #....)..#
......S####.......#
#@swJ.......#
#####.......#
#.......# #.<.....#
#.......# #.......#
#....$..# #########


You could see a worm, a scorpion, an endoplasm and a ball python.

Vanquished Creatures
  4 dart slugs (D:1)
  2 giant cockroaches (D:1)
  3 hobgoblins (D:1)
  3 kobolds
  A ball python (D:1)
  2 bats (D:1)
  4 frilled lizards (D:1)
  A rat (D:1)
20 creatures vanquished.

Notes
Turn   | Place    | Note
-------+----------+-------------------------------------------
     0 | D:1      | Descartes the Formicid Warper began the quest for the Orb.
     0 | D:1      | Reached XP level 1. HP: 16/16 MP: 3/3
   217 | D:1      | Found a faded altar of an unknown god.
   238 | D:1      | Reached XP level 2. HP: 15/22 MP: 5/5
   243 | D:1      | Became a worshipper of the Wu Jian Council
   243 | D:1      | Reached * piety under Wu Jian
   357 | D:1      | Reached skill level 1 in Shields
   427 | D:1      | Reached skill level 3 in Translocations
   647 | D:1      | Reached XP level 3. HP: 27/27 MP: 6/6
   996 | D:2      | Noticed a scorpion
  1009 | D:2      | HP: 1/27 [constriction (1)]
  1010 | D:2      | Succumbed to a scorpion's poison

Illustrated notes

Levels and vault maps discovered:
D:1:      doesnt_arrival_eight_statues, layout_basic,
          shapermc_ecumenical_altar_starsandcircs
D:2:      cheibrodos_fertilizer, layout_rooms, serial_park_tiny_1

Skill      XL: |  1  2  3 |
---------------+----------+-----
Shields        | 1 |  1.7
Translocations | 3 |  3.1
Armour         | 2 |  2.0
Fighting       | |  2.1
Maces & Flails | |  2.0
Throwing       | |  1.0
Dodging        | |  1.7
Spellcasting   | |  2.1

Action                   || total
-------------------------++-------
Melee: Mace              ||    90
Invok: Lunge             ||     5
       Whirlwind         ||     3
 Abil: Dig               ||     1
Armor: Leather armour    ||    46
Dodge: Dodged            ||    47
Block: Other             ||    21
       Reflection        ||     1
